Map: [ESL] Hecate

Players

Serral - Winner!

  • Race: Zerg Zerg
  • Spawn Location: 1:00

Arrogfire

  • Race: Protoss Protoss
  • Spawn Location: 7:00

Event: ESL SC2 Masters 2023 Winter (Regional)

VOD

Have the link to the VOD?

Description

Time

  • Played on: Oct. 26, 2023, 12:30 p.m.
  • Length: 9:39

All games in this series

Show
View Real Time Build Order
Export as new Build Order

Serral Zerg - Winner!

Build Orders: Pool First, Roach Hydra 

Get SALT Encoding   

  12  0:00  Drone  
  13  0:12  Overlord  
  13  0:17  Drone  
  14  0:31  Drone x2  
  16  0:43  Drone  
  16  0:45  Spawning Pool  
  16  1:00  Drone  
  17  1:10  Hatchery  
  16  1:13  Drone  
  16  1:17  Drone  
  18  1:20  Drone  
  18  1:22  Extractor  
  18  1:32  Queen  
  20  1:34  Zergling x2  
  21  1:41  Overlord  
  21  1:50  Drone  
  22  2:00  Drone  
  23  2:08  Queen  
  25  2:11  Drone  
  26  2:20  Hatchery  
  25  2:24  Drone  
  25  2:26  Drone  
  27  2:34  Metabolic Boost  
  27  2:38  Drone x2  
  27  2:42  Drone  
  30  2:47  Queen  
  31  2:52  Overlord  
  31  2:57  Zergling x2  
  31  2:58  Drone  
  33  3:01  Zergling x2  
  33  3:02  Drone  
  35  3:06  Overlord  
  35  3:13  Queen  
  35  3:14  Zergling x2  
  35  3:17  Drone  
  35  3:19  Drone x2  
  41  3:21  Drone  
  41  3:25  Drone  
  43  3:28  Drone x2  
  45  3:34  Queen  
  45  3:35  Zergling x2  
  45  3:40  Overlord  
  48  3:45  Drone  
  48  3:46  Zergling x2  
  48  3:48  Drone x2  
  51  3:50  Queen  
  54  3:56  Drone x3  
  54  4:00  Spore Crawler  
  54  4:01  Spore Crawler  
  55  4:04  Drone x2  
  55  4:05  Drone  
  59  4:10  Drone x3  
  59  4:15  Drone x3  
  63  4:18  Zergling x2  
  63  4:19  Drone x2  
  63  4:22  Drone  
  66  4:25  Overlord  
  66  4:30  Zergling x2  
  65  4:31  Drone  
  65  4:34  Overlord  
  65  4:35  Overlord  
  66  4:39  Overlord  
  66  4:41  Roach Warren  
  66  4:43  Zergling x2, Drone  
  67  4:46  Overlord  
  67  4:48  Lair  
  67  4:50  Extractor, Drone x2  
  67  4:52  Drone  
  69  4:53  Drone  
  69  4:55  Drone  
  69  4:59  Drone x3  
  74  5:02  Evolution Chamber  
  74  5:04  Zergling x2  
  74  5:05  Drone x4  
  74  5:07  Drone  
  79  5:08  Drone  
  80  5:16  Hatchery  
  80  5:19  Drone x3  
  80  5:20  Drone  
  80  5:21  Drone x2  
  84  5:24  Extractor x2  
  84  5:25  Extractor  
  84  5:26  Drone x2  
  82  5:28  Zerg Missile Weapons Level 1  
  82  5:33  Zergling x2, Spore Crawler  
  82  5:34  Zergling x6  
  84  5:40  Zergling x6  
  84  5:41  Zergling x4  
  89  5:45  Overlord  
  89  5:48  Glial Reconstitution  
  89  5:55  Overlord  
  89  5:56  Drone x3  
  92  6:02  Drone x5  
  97  6:04  Drone x2  
  97  6:06  Infestation Pit  
  97  6:08  Pneumatized Carapace, Overseer  
  97  6:09  Extractor  
  97  6:11  Drone x4  
  97  6:16  Overlord  
  101  6:19  Drone x4  
  101  6:22  Overlord  
  101  6:25  Drone  
  105  6:29  Queen  
  105  6:30  Hydralisk Den  
  106  6:34  Drone x3  
  106  6:36  Overlord  
  106  6:38  Roach x6  
  120  6:42  Hive  
  120  6:45  Extractor  
  120  6:46  Drone x5, Extractor  
  123  6:49  Overlord  
  123  6:51  Roach  
  123  6:52  Roach x2  
  129  7:03  Grooved Spines  
  129  7:04  Lurker Den  
  129  7:05  Roach x4  
  135  7:09  Overlord x2  
  135  7:12  Overlord  
  135  7:15  Drone  
  136  7:19  Overlord x2, Hatchery  
  136  7:22  Zergling x16  
  143  7:23  Zergling x2  
  143  7:27  Overlord  
  143  7:28  Roach  
  141  7:38  Zergling x2  
  141  7:39  Zergling x12  
  148  7:49  Hydralisk x8  
  164  7:53  Viper  
  164  7:54  Viper  
  170  8:04  Drone  
  170  8:05  Hydralisk, Spine Crawler  
  167  8:06  Zergling x2, Hydralisk x3  
  167  8:11  Zergling x4  
  174  8:13  Zergling x8  
  172  8:20  Hydralisk x2  
  172  8:21  Zergling x14, Hydralisk  
  172  8:24  Muscular Augments  
  172  8:26  Adaptive Talons  
  183  8:39  Overseer  
  183  8:40  Hydralisk x3  
  183  8:41  Zergling x12  
  188  8:49  Spore Crawler  
  188  8:50  Drone, Spine Crawler  
  188  8:51  Drone x3, Spine Crawler  
  188  8:52  Spine Crawler  
  188  8:54  Hydralisk x2  
  188  8:55  Zergling x10, Hydralisk  
Show
View Real Time Build Order
Export as new Build Order

Arrogfire Protoss 

Build Orders: 1 Gate Expand, Oracle Opening 

Get SALT Encoding   

  12  0:00  Probe  
  13  0:12  Probe  
  14  0:17  Pylon  
  14  0:24  Probe (Chrono Boost)  
  15  0:36  Probe (Chrono Boost)  
  15  0:40  Gateway  
  16  0:44  Probe (Chrono Boost)  
  16  0:48  Assimilator  
  17  0:51  Probe  
  18  1:03  Probe  
  19  1:15  Probe  
  20  1:27  Cybernetics Core  
  20  1:36  Nexus  
  20  1:38  Probe  
  21  1:43  Assimilator  
  21  1:49  Pylon  
  21  1:51  Assimilator  
  21  1:52  Probe  
  22  2:04  Adept (Chrono Boost), Probe  
  25  2:16  Probe  
  26  2:26  Stargate  
  26  2:29  Adept (Chrono Boost)  
  26  2:35  Probe  
  29  2:46  Warp Gate  
  29  2:49  Probe (Chrono Boost)  
  29  2:51  Probe (Chrono Boost)  
  31  2:54  Adept  
  33  3:00  Probe (Chrono Boost)  
  33  3:02  Probe (Chrono Boost)  
  33  3:04  Probe (Chrono Boost)  
  34  3:11  Probe  
  34  3:12  Oracle (Chrono Boost)  
  39  3:14  Pylon  
  39  3:16  Probe  
  40  3:23  Probe  
  41  3:28  Probe  
  41  3:30  Gateway  
  42  3:35  Probe  
  42  3:40  Probe  
  44  3:49  Pylon  
  44  3:50  Probe  
  44  3:51  Nexus  
  44  3:54  Oracle (Chrono Boost)  
  44  3:55  Probe  
  46  4:02  Probe  
  50  4:07  Probe  
  50  4:08  Assimilator  
  51  4:14  Probe  
  52  4:19  Probe  
  53  4:26  Probe  
  53  4:31  Probe  
  53  4:35  Assimilator  
  53  4:38  Probe, Adept  
  56  4:43  Probe  
  56  4:44  Twilight Council  
  57  4:47  Forge  
  57  4:49  Stalker  
  57  4:50  Probe  
  60  4:52  Pylon  
  60  4:55  Probe  
  60  4:58  Gateway  
  61  5:00  Gateway  
  61  5:05  Probe (Chrono Boost)  
  62  5:08  Probe (Chrono Boost)  
  62  5:12  Probe (Chrono Boost)  
  62  5:14  Stalker x2  
  66  5:18  Probe (Chrono Boost)  
  66  5:19  Probe (Chrono Boost)  
  70  5:21  Probe (Chrono Boost)  
  70  5:22  Shield Battery  
  70  5:23  Protoss Ground Weapons Level 1, Probe (Chrono Boost)  
  70  5:26  Probe  
  72  5:31  Blink (Chrono Boost), Probe  
  72  5:34  Probe  
  74  5:38  Stalker  
  74  5:39  Probe  
  77  5:43  Robotics Facility, Probe  
  77  5:46  Probe, Pylon  
  79  5:51  Stalker, Probe  
  79  5:54  Assimilator  
  79  5:55  Probe  
  83  5:57  Assimilator  
  83  5:59  Probe  
  83  6:01  Pylon  
  83  6:03  Probe  
  85  6:08  Probe  
  85  6:11  Probe, Stalker x3  
  93  6:16  Probe  
  91  6:20  Probe  
  91  6:23  Probe  
  91  6:25  Gateway  
  93  6:26  Gateway  
  93  6:29  Stalker  
  93  6:32  Observer  
  96  6:34  Pylon  
  96  6:39  Nexus  
  94  6:44  Stalker x3  
  99  6:52  Pylon  
  99  6:54  Pylon  
  99  6:57  Robotics Bay  
  99  7:00  Robotics Facility  
  99  7:04  Probe x2  
  101  7:16  Stalker x4  
  101  7:18  Nexus  
  101  7:21  Pylon  
  109  7:26  Gateway  
  109  7:27  Gateway, Probe  
  108  7:41  Stalker  
  108  7:42  Stalker x5  
  110  7:45  Shield Battery  
  110  7:49  Photon Cannon  
  110  7:50  Disruptor x2 (Chrono Boost)  
  116  8:03  Pylon  
  116  8:09  Stalker  
  116  8:10  Stalker x3  
  120  8:18  Probe  
  117  8:22  Probe  
  117  8:26  Probe  
  117  8:27  Oracle  
  117  8:30  Probe  
  117  8:32  Probe  
  122  8:34  Disruptor x2, Probe  
  122  8:39  Stalker x3, Probe  
  122  8:40  Stalker  
  138  8:50  Assimilator  
  138  8:51  Probe x3  
  138  8:52  Assimilator  
  138  8:55  Stalker x3  
  143  9:01  Pylon  
  147  9:05  Pylon  
  147  9:06  Stalker  
  147  9:07  Stalker x2  
  128  9:34  Stalker x6  
  128  9:35  Stalker  
Tags
 
Add a new tag
Caveats
  • Supply blocks, unpowered buildings, or Contaminate may cause inaccurate times.
  • Supply counts are checked every 10 seconds.